 Dungeon Crawl Stone Soup version 0.28-a0-1235-g7c8fac35f0 (webtiles) character file.

Game seed: 2148718487820021718

72 r3xj the Skirmisher (level 4, 0/41 HPs)
             Began as a Minotaur Fighter on Dec 24, 2021.
             Succumbed to an adder's poison
             ... in a sewer.
             The game lasted 00:02:43 (1909 turns).

r3xj the Skirmisher (Minotaur Fighter)              Turns: 1909, Time: 00:02:44

Health: 0/41       AC: 10    Str: 23    XL:     4   Next: 6%
Magic:  3/3        EV:  9    Int:  5    God:
Gold:   73         SH:  4    Dex:  9    Spells: 3/3 levels left

rFire   . . .      SeeInvis .   a - +0 flail
rCold   . . .      Faith    .   c - +0 buckler
rNeg    . . .      Spirit   .   b - +0 scale mail
rPois   .          Reflect  .   (helmet restricted)
rElec   .          Harm     .   i - +2 cloak
rCorr   .          Rampage  .   (no gloves)
Will    .....                   (no boots)
Stlth   ..........              (no amulet)
HPRegen 0.13/turn               (no ring)
MPRegen 0.08/turn               (no ring)

@: lethally poisoned (0 -> -4)
A: horns 2, retaliatory headbutt
a: no special abilities


You were in a sewer.
You visited 1 branch of the dungeon, and saw 3 of its levels.
You also visited: Sewer.

You collected 73 gold pieces.

Inventory:

Hand Weapons
 a - a +0 flail (weapon)
 n - a +1 spear of venom
Armour
 b - a +0 scale mail (worn)
 c - a +0 buckler (worn)
 i - a +2 cloak (worn)
Jewellery
 j - a ring of protection from cold
Scrolls
 e - a scroll of brand weapon {unknown}
 g - a scroll of enchant armour {unknown}
 h - 2 scrolls of identify {unknown}
 k - a scroll of noise {unknown}
Potions
 d - 2 potions of might
 f - a potion of degeneration {unknown}
 l - a potion of berserk rage {unknown}
 m - a potion of haste {unknown}


   Skills:
 + Level 4.4 Fighting
 + Level 3.5 Maces & Flails
 + Level 4.4 Armour
 - Level 4.0 Shields


You had 3 spell levels left.
You didn't know any spells.
Your spell library was empty.

Dungeon Overview and Level Annotations

Branches:
Dungeon (3/15)              Sewer (1/1)

Altars:
Trog


Innate Abilities, Weirdness & Mutations

You have a pair of horns on your head.
You reflexively headbutt those who attack you in melee.


Message History

You are too injured to fight recklessly!
You are too injured to fight recklessly!
You are too injured to fight recklessly!
You are too injured to fight recklessly!
You barely miss the adder.
You feel very sick.
The ball python bites you but does no damage.
The ball python constricts you. The adder bites you but does no damage.
You block the ball python's attack. x2; The ball python constricts you.
The adder completely misses you.
You closely miss the adder. Your headbutt misses the adder.
* * * LOW HITPOINT WARNING * * *
You feel very sick.
The ball python bites you but does no damage. x2
The ball python constricts you. The adder bites you but does no damage.
The ball python bites you but does no damage. x2
The ball python constricts you.
Unknown command.
You barely miss the adder.
You feel sick. The adder bites you but does no damage.
The ball python completely misses you. You furiously retaliate!
You headbutt the ball python!
You kill the ball python!
The ball python bites you.
* * * LOW HITPOINT WARNING * * *
The ball python grabs you. The ball python constricts you.
* * * LOW HITPOINT WARNING * * *
The adder bites you.
* * * LOW HITPOINT WARNING * * *
You sock the adder!
You kill the adder!
* * * LOW HITPOINT WARNING * * *
You feel sick. You block the ball python's attack.
The ball python constricts you. The ball python bites you.
* * * LOW HITPOINT WARNING * * *
The ball python constricts you.
You have reached level 4!
You feel stronger.
You hit the ball python.
You kill the ball python!
You die...

≈# ≈# ≈# ##≈##
##.≈.##
.≈####...≈.####
≈.≈≈≈≈..∩.≈≈≈≈≈
#.@†≈.# ##††.##
##≈## ≈# ≈# ≈#
≈. ..


There were no monsters in sight!

Vanquished Creatures
  3 adders
  A dart slug (D:1)
  3 bats
  3 endoplasms
  6 giant cockroaches
  7 goblins
  6 hobgoblins (D:1)
  A quokka (D:1)
  4 ball pythons
  A frilled lizard (D:2)
  2 kobolds (D:1)
  3 rats
40 creatures vanquished.

Notes
Turn   | Place    | Note
-------+----------+-------------------------------------------
     0 | D:1      | r3xj the Minotaur Fighter began the quest for the Orb.
     0 | D:1      | Reached XP level 1. HP: 19/19 MP: 0/0
   290 | D:1      | Reached XP level 2. HP: 21/27 MP: 1/1
   858 | D:1      | Reached XP level 3. HP: 27/33 MP: 2/2
  1642 | D:2      | Found a bloodstained altar of Trog.
  1860 | D:3      | Found a glowing drain.
  1898 | Sewer    | Entered a sewer
  1908 | Sewer    | HP: 1/34 [ball python (2)]
  1909 | Sewer    | Reached XP level 4. HP: 2/41 MP: 3/3
  1909 | Sewer    | Succumbed to an adder's poison

Illustrated notes

Levels and vault maps discovered:
D:1:      nagdon_arrival_double_spiral, layout_basic
D:2:      layout_basic, basic_altar, hex_tiny, kennysheep_crisscross,
          chequers_serial_rivers_small_b
D:3:      layout_loops_ring, serial_co_window_serial, co_window_paths_a,
          co_window_cross_1, co_window_of_opportunity_a, co_window_paths_a,
          co_window_paths_b, co_window_paths_a, co_window_2corner,
          co_window_broadway_c, co_window_corner_b, co_window_corner_b,
          co_window_2corner, co_window_4corner_b, glass_columns_a,
          glass_columns_b, glass_columns_a, glass_columns_a,
          gup_sewer_entry_glass, nicolae_ecumenical_oubliette
Sewer:    sewer_co_15_rooms

Skill      XL: |  1  2 |
---------------+-------+-----
Fighting       | 4 |  4.4
Armour         | 4 |  4.4
Shields        | 4 |  4.0
Maces & Flails | 3 |  3.5

Action                   |  1- 3 |  4- 6 || total
-------------------------+-------+-------++-------
Melee: Flail             |    98 |     1 ||    99
       Headbutt          |     6 |       ||     6
Armor: Scale mail        |    54 |       ||    54
Dodge: Dodged            |    53 |       ||    53
Block: Buckler           |    24 |       ||    24

Table legend: (Time is in decaauts)
 A = Elapsed time spent in this place.
 B = Non-inter-level travel time spent in this place.
 C = Inter-level travel time spent in this place.
 D = Time resting spent in this place.
 E = Time spent auto-exploring this place.
 F = Levels seen in this place.
 G = Mean time per level.
                   A        B        C        D        E       F      G
               +--------+--------+--------+--------+--------+-----+--------+
         Total |   1937 |   1717 |    220 |      0 |   1451 |   4 |  484.2 |
       Dungeon |   1924 |   1704 |    220 |      0 |   1451 |   3 |  641.3 |
         Sewer |     12 |     12 |      0 |      0 |      0 |   1 |   12.0 |
               +--------+--------+--------+--------+--------+-----+--------+

Top non-repeatable levels by time:
     D:1: 1436 daAuts
     D:2: 440 daAuts
     D:3: 48 daAuts
   Sewer: 12 daAuts
